 Dungeon Sprint DCSS version 0.31-a0-152-g6aa68a64a1 (webtiles) character file.

Game seed: 2486383233922753915

369 Conn the Arsonist (level 6, -4/36 HPs)
             Began as an Octopode Fire Elementalist on June 11, 2023.
             Slain by a neqoxec (6 damage)
             ... in the Dungeon (Sprint II: "The Violet Keep of Menkaure").
             The game lasted 00:02:23 (41 turns).

Conn the Arsonist (Octopode Fire Elementalist)        Turns: 41, Time: 00:02:23

Health: -4/36      AC:  1    Str:  8    XL:     6   Next: 70%
Magic:  12/12      EV: 14    Int: 19    God:
Gold:   0          SH:  0    Dex: 10    Spells: 16/17 levels left

rFire   . .          .
                       - Unarmed
rCold   . . .        (no shield)
rNeg    . . .        (helmet restricted)
rPois   .            (no amulet)
rElec   .            (no ring)
rCorr   .            (no ring)
SInv    .            (no ring)
Will    .....        (no ring)
Stlth   ++++         (no ring)
HPRegen 0.26/turn    (no ring)
MPRegen 0.13/turn    (no ring)
                     (no ring)

%: no teleportation, random rage (9%)
@: on berserk cooldown, slowed, very slow
A: almost no armour, amphibious, 8 rings, camouflage 1, gelatinous body 1,
(nimble swimmer 1), tentacles, berserk 2, clumsy 1, low MP 2, screaming 2,
devolution 1
a: no special abilities


You were in the Dungeon.
You visited 1 branch

Inventory:

Potions
 a - 2 potions of magic


   Skills:
 + Level 4.7 Dodging
 + Level 5.9 Stealth
 - Level 4.2 Unarmed Combat
 * Level 6.2 Spellcasting
 * Level 4.2 Conjurations
 + Level 9.4 Fire Magic


You had 16 spell levels left.
You knew the following spells:

 Your Spells              Type           Power      Damage    Failure   Level
a - Foxfire               Conj/Fire      100%       2x1d9     1%          1

Your spell library contained the following spells:

 Spells                   Type           Power      Damage    Failure   Level
 Scorch                   Fire           82%        2d8       1%          2
 Inner Flame              Hex/Fire       23%        N/A       4%          3
 Volatile Blastmotes      Fire/Tloc      46%        2d13      4%          3
 Flame Wave               Conj/Fire      31%        2d9       7%          4


Dungeon Overview and Level Annotations

Branches:
Dungeon (1/1)

Altars:


Innate Abilities, Weirdness & Mutations

You cannot wear most types of armour.
You are amphibious.
You can wear up to eight rings at the same time.
Your skin changes colour to match your surroundings (Stealth+).
Your rubbery body absorbs attacks. (AC +1, EV +1)
((You are camouflaged when in or above water. (Stealth+)))
You have tentacles for arms and can constrict up to eight enemies at once.
You have an uncontrollable temper.
You are clumsy. (Dex -2)
Your magical capacity is very low. (-20% MP)
You frequently scream uncontrollably at your foes.
You have hidden genetic defects.


Message History

The neqoxec gestures at you.
Strange energies course through your body.
You feel a strong urge to scream.
Okay, then.
Unknown command.
Unknown command.
You tentacle-slap the neqoxec. Your grab misses the neqoxec.
You squeeze the neqoxec.
The neqoxec is lightly wounded.
The neqoxec hits you!
* * * LOW HITPOINT WARNING * * *
Okay, then.
Blink to where?
Press: ? - help, Dir - move target
Okay, then.
Unknown command.
Unknown command.
Unknown command.
Unknown command.
The neqoxec gestures at you.
Strange energies course through your body.
The malignance inside you grows.
You open the door. 2 wyverns come into view.
You feel yourself slow down.
Found 243 gold pieces.
Blink to where?
Press: ? - help, Dir - move target
As you read the scroll of blinking, it crumbles to dust.
You feel a genetic drift.
You feel clumsy.
Your genetic malignance weakens.
Unknown command.
Magic courses through your body.
Unknown command.
Unknown command.
You tentacle-slap the neqoxec but do no damage.
Your grab misses the neqoxec.
The neqoxec is lightly wounded.
The neqoxec hits you.
You die...

#### ##
#.@##.
####3$.#
#w###'##
#.##.##
#+.<.+
#.w.##.##
##w# #'#
## .#$ l#
#l


You could see a neqoxec.

Vanquished Creatures
  3 neqoxecs (D)
3 creatures vanquished.

Notes
Turn   | Place    | Note
-------+----------+-------------------------------------------
     0 | D        | Conn the Octopode Fire Elementalist began the quest for the
                  | Orb.
     0 | D        | Reached XP level 1. HP: 11/11 MP: 3/3
     6 | D        | Noticed a neqoxec
     6 | D        | Noticed a neqoxec
     6 | D        | Noticed a neqoxec
     6 | D        | Noticed a neqoxec
    11 | D        | Killed a neqoxec
    11 | D        | Gained mutation: You occasionally shout uncontrollably at
                  | your foes. [a neqoxec]
    12 | D        | Reached skill level 7 in Fire Magic
    12 | D        | Reached XP level 2. HP: 17/17 MP: 3/6
    12 | D        | Reached XP level 3. HP: 21/21 MP: 4/8
    12 | D        | Reached XP level 4. HP: 27/27 MP: 4/9
    12 | D        | Reached XP level 5. HP: 31/31 MP: 4/10
    13 | D        | Gained mutation: Your magical capacity is low. (-10% MP) [a
                  | neqoxec]
    14 | D        | Gained mutation: You have hidden genetic defects. [a
                  | neqoxec]
    17 | D        | Killed a neqoxec
    18 | D        | Reached skill level 5 in Stealth
    18 | D        | Reached skill level 5 in Spellcasting
    18 | D        | Reached skill level 8 in Fire Magic
    18 | D        | Reached XP level 6. HP: 36/36 MP: 4/12
    23 | D        | Gained mutation: You sometimes lose your temper in combat.
                  | [hidden defects]
    25 | D        | Gained mutation: You have an uncontrollable temper. [a
                  | neqoxec]
    31 | D        | Killed a neqoxec
    31 | D        | Gained mutation: Your magical capacity is very low. (-20%
                  | MP) [a neqoxec]
    32 | D        | Reached skill level 9 in Fire Magic
    34 | D        | Gained mutation: You frequently scream uncontrollably at
                  | your foes. [a neqoxec]
    35 | D        | HP: 1/36 [neqoxec (12)]
    36 | D        | Gained mutation: You have terrible hidden genetic defects.
                  | [a neqoxec]
    38 | D        | Noticed a wyvern
    38 | D        | Noticed a wyvern
    39 | D        | Gained mutation: You are clumsy. (Dex -2) [hidden defects]
    39 | D        | Lost mutation: You have terrible hidden genetic defects.
                  | [hidden defects expressed]
    41 | D        | Slain by a neqoxec

Illustrated notes

Levels and vault maps discovered:
D:        the_violet_keep_of_menkaure [sprint2_stairs_cluster_1,
          sprint2_shoproom, sprint2_temple, sprint2_basic_supplies,
          sprint2_obstacle_6, sprint2_obstacle_1, sprint2_obstacle_3,
          sprint2_obstacle_7, sprint2_obstacle_5, sprint2_timed_cluster_1,
          sprint2_smallroom_cluster_1, sprint2_smallroom_final_cluster_1,
          sprint2_transparent_cluster_1, sprint2_second_timed_cluster_1,
          sprint2_sniper_area_1, sprint2_heavy_combat_area_1,
          sprint2_mutation_trap_area_1, sprint2_forest_area_1,
          sprint2_light_combat_area_1, sprint2_behind_water_1,
          sprint2_near_end_vault_1]

Skill      XL: |  1  2  3  4  5  6 |
---------------+-------------------+-----
Dodging        | 3 4 |  4.7
Stealth        | 4 5 |  5.9
Unarmed Combat | 4 |  4.2
Spellcasting   | 3 5 6 |  6.2
Fire Magic     | 7 8 9 |  9.4
Conjurations   | 3 4 |  4.2

Action                     |  1- 3 |  4- 6 || total
---------------------------+-------+-------++-------
  Melee: Unarmed           |     2 |    18 ||    20
         Tentacles         |     2 |     7 ||     9
         Constrict         |     1 |     2 ||     3
    Use: Potion            |     2 |     3 ||     5
         Scroll            |       |     1 ||     1
  Dodge: Dodged            |     1 |     2 ||     3

Table legend: (Time is in decaauts)
 A = Elapsed time spent in this place.
 B = Non-inter-level travel time spent in this place.
 C = Inter-level travel time spent in this place.
 D = Time resting spent in this place.
 E = Time spent auto-exploring this place.
 F = Levels seen in this place.
 G = Mean time per level.
                   A        B        C        D        E       F      G
               +--------+--------+--------+--------+--------+-----+--------+
         Total |     37 |     37 |      0 |      0 |      0 |   1 |   37.0 |
       Dungeon |     37 |     37 |      0 |      0 |      0 |   1 |   37.0 |
               +--------+--------+--------+--------+--------+-----+--------+

Top non-repeatable levels by time:
       D: 37 daAuts
